 Dungeon Crawl Stone Soup version 0.27.0-1-g7a089689b8 (webtiles) character file.

Game seed: 18140141997203291951

598 funkygono the Firebug (level 7, -7/37 HPs)
             Began as a Gargoyle Fire Elementalist on Aug 18, 2021.
             Was an Initiate of Vehumet.
             Mangled by Edmund (10 damage)
             ... on level 3 of the Dungeon.
             The game lasted 00:09:02 (4277 turns).

funkygono the Firebug (Gargoyle Fire Elementalist)  Turns: 4277, Time: 00:09:03

Health: -7/37      AC:  8    Str: 12    XL:     7   Next: 40%
Magic:  10/14      EV: 12    Int: 17    God:    Vehumet [......]
Gold:   85         SH:  0    Dex: 10    Spells: 2/15 levels left

rFire    . . .     SeeInvis .   i - +1 flail (vorpal)
rCold    . . .     Faith    .   (no shield)
rNeg     + . .     Spirit   .   a - +0 robe
rPois    ∞         Reflect  .   c - +2 hat
rElec    +         Harm     .   (no cloak)
rCorr    .         Rampage  .   (no gloves)
Will     .....                  (no boots)
Stlth    ++........             (no amulet)
HPRegen  0.12/turn              (no ring)
MPRegen  0.14/turn              (no ring)

@: no status effects
A: sickness immunity, AC +4, negative energy resistance 1, electricity
resistance, torment resistance 1, petrification resistance, deformed body,
shaggy fur 1
a: Renounce Religion


You were on level 3 of the Dungeon.
You worshipped Vehumet.
Vehumet was noncommittal.
You visited 1 branch of the dungeon, and saw 4 of its levels.

You collected 85 gold pieces.

Inventory:

Hand Weapons
 e - a +0 whip
 i - a +1 vorpal flail (weapon)
Missiles
 f - 93 stones
Armour
 a - a +0 robe (worn)
 c - a +2 hat (worn)
 g - a +0 leather armour
 j - a +2 ring mail of willpower
Potions
 b - a potion of curing
 k - a potion of attraction {unknown}
Miscellaneous
 l - a tin of tremorstones (2/2)


   Skills:
 + Level 0.5 Fighting
 + Level 1.7 Maces & Flails
 + Level 2.1 Dodging
 - Level 2.1 Stealth
 + Level 4.8 Spellcasting
 + Level 3.5 Conjurations
 + Level 5.0 Fire Magic


You had 2 spell levels left.
You knew the following spells:

 Your Spells              Type           Power      Damage    Failure   Level
a - Foxfire               Conj/Fire      72%        2x1d7     2%          1
b - Conjure Flame         Conj/Fire      18%        6-21      8%          3
c - Sticky Flame          Conj/Fire      18%        2d4       24%         4
d - Fireball              Conj/Fire      9%         3d6       56%         5

Your spell library contained the following spells:

 Spells                   Type           Power      Damage    Failure   Level
 Ensorcelled Hibernation  Hex/Ice        8%         N/A       22%         2
 Inner Flame              Hex/Fire       12%        N/A       16%         3
 Conjure Ball Lightning   Conj/Air       5%         3x3d6     100%        6
 Ozocubu's Refrigeration  Ice            2%         4d5       100%        7


Dungeon Overview and Level Annotations

Branches:
Dungeon (4/15)
 Temple: D:4-7

Altars:
Dithmenos
Fedhas
Gozag
Hepliaklqana
Kikubaaqudgha
Makhleb
Vehumet
Yredelemnul

Annotations:
D:3 Edmund


Innate Abilities, Weirdness & Mutations

You are immune to sickness and miasma.
Your stone body is resilient. (AC +4)
You are immune to poison.
You resist negative energy. (rN+)
You are resistant to electric shocks. (rElec)
You are resistant to unholy torment.
You are immune to petrification.
Armour fits poorly on your strangely shaped body.
You are covered in fur. (AC +1)


Message History

* * * LOW HITPOINT WARNING * * *
The foxfire hits Edmund but does no damage.
Edmund is moderately wounded.
The foxfire hits Edmund but does no damage.
Edmund is moderately wounded.
Edmund clears his throat.
It was a potion of curing.
You feel better.
Edmund hits you with a +2 flail of protection.
You hit Edmund.
Edmund is heavily wounded.
Edmund hits you but does no damage. Edmund barely misses you.
You barely miss Edmund.
Edmund is heavily wounded.
Edmund hits you with a +2 flail of protection.
* * * LOW HITPOINT WARNING * * *
You barely miss Edmund.
Edmund is heavily wounded.
Edmund hits you with a +2 flail of protection.
* * * LOW HITPOINT WARNING * * *
It was a potion of mutation.
You feel extremely strange.
Your body twists and deforms.
Fur sprouts all over your body.
Edmund hits you with a +2 flail of protection.
* * * LOW HITPOINT WARNING * * *
It was a potion of magic.
Magic courses through your body. Edmund misses you.
Casting: Foxfire (safe; 2% risk of failure)
Confirm with . or Enter, or press ? or * to list all spells.
Okay, then.
Unknown command.
Unknown command.
Casting: Foxfire (safe; 2% risk of failure)
Confirm with . or Enter, or press ? or * to list all spells.
The spell is extremely dangerous to cast (24% risk of failure)!
Continue anyway?
Aiming: Sticky Flame (extremely dangerous; 24% risk of failure)
Press: ? - help, Shift-Dir - straight line, f - Edmund
Aim: Edmund, wielding a +2 flail of protection and wearing a +0 leather armour (heavily wounded, 100% to hit)
The sticky flame hits Edmund.
Edmund is heavily wounded.
Edmund is covered in liquid flames!
Edmund burns!
Edmund hits you with a +2 flail of protection!
You die...

#[# #.############ #... #># #.#
#.......# ##### #.## #.# #.#
#.#####.# ##...## #.## #)# #.#
#.# #.####.....# #.## #.###.##
#.# #.##<......# #..#
#.##...###.#####.##.#.....#####.#
#.#.....##.#.........#...#.......
#........#.#.#..#..........##....
#..>...........@@.#..##.#####....
##...........###.##..##.......)..
##..................#######.....
#..........###.###.# #.....
##...#.....###.# #.# ###.>.
#######.......###.# #...
###.........# #### ###########


You could see Edmund (burning).

Vanquished Creatures
  Grinder (D:3)
  A sky beast (D:3)
  Terence (D:3)
  Natasha (thrice) (D:2)
  8 gnolls
  6 adders
  2 dart slugs (D:3)
  6 orcs (D:3)
  3 bats
  5 endoplasms
  6 goblins
  6 hobgoblins
  4 jackals (D:2)
  2 kobolds
  3 quokkas
  3 ball pythons
  A frilled lizard (D:3)
  5 rats
66 creatures vanquished.

Vanquished Creatures (others)
  301 foxfires
301 creatures vanquished.

Grand Total: 367 creatures vanquished

Notes
Turn   | Place    | Note
-------+----------+-------------------------------------------
     0 | D:1      | funkygono the Gargoyle Fire Elementalist began the quest
                  | for the Orb.
     0 | D:1      | Reached XP level 1. HP: 10/10 MP: 3/3
   553 | D:1      | Reached XP level 2. HP: 15/15 MP: 0/5
  1087 | D:2      | Reached XP level 3. HP: 19/19 MP: 1/6
  1514 | D:2      | Reached XP level 4. HP: 24/24 MP: 6/8
  1533 | D:2      | Reached skill level 4 in Fire Magic
  1537 | D:2      | Learned a level 3 spell: Conjure Flame
  1542 | D:2      | Learned a level 4 spell: Sticky Flame
  1692 | D:2      | Noticed Natasha
  1698 | D:2      | Killed Natasha
  1941 | D:2      | Noticed Natasha
  1949 | D:2      | Killed Natasha
  1950 | D:2      | Reached XP level 5. HP: 7/28 MP: 1/10
  2211 | D:2      | Noticed Natasha
  2216 | D:2      | Killed Natasha
  2217 | D:2      | Reached skill level 1 in Maces & Flails
  2675 | D:3      | Noticed Grinder
  2688 | D:3      | Killed Grinder
  2689 | D:3      | Reached XP level 6. HP: 33/33 MP: 0/12
  2696 | D:3      | Learned a level 5 spell: Fireball
  2988 | D:3      | Found a shadowy altar of Dithmenos.
  2989 | D:3      | Noticed Terence
  3026 | D:3      | Killed Terence
  3027 | D:3      | Reached XP level 7. HP: 4/37 MP: 0/13
  3862 | D:3      | Reached skill level 5 in Fire Magic
  3956 | D:3      | Got Rybram's Guide on the Icy Birds
  4042 | D:3      | Found an opulent altar of Gozag.
  4047 | D:3      | Found a radiant altar of Vehumet.
  4048 | D:3      | Found a hazy altar of Hepliaklqana.
  4049 | D:3      | Found a blossoming altar of Fedhas.
  4049 | D:3      | Found a burning altar of Makhleb.
  4054 | D:3      | Found an ancient bone altar of Kikubaaqudgha.
  4057 | D:3      | Became a worshipper of Vehumet
  4074 | D:3      | Found a basalt altar of Yredelemnul.
  4236 | D:4      | Noticed Edmund
  4275 | D:3      | Gained mutation: Armour fits poorly on your strangely
                  | shaped body. [potion of mutation]
  4275 | D:3      | Gained mutation: You are covered in fur. (AC +1) [potion of
                  | mutation]
  4277 | D:3      | Mangled by Edmund

Illustrated notes

Levels and vault maps discovered:
D:1:      wander_arrival_abandoned_jail, layout_basic
D:2:      layout_loops_ring, uniq_natasha
D:3:      minmay_octagon_keep, layout_loops_ring,
          nicolae_dithmenos_shadow_blocks, minitemple, uniq_terence,
          uniq_grinder
D:4:      layout_gridville, minmay_temple_entry_statues_pillars,
          serial_bayou_pond_d, item_on_display_a, uniq_edmund, uniq_duvessa

Skill      XL: |  1  2  3  4  5  6  7 |
---------------+----------------------+-----
Fire Magic     | 4 5 |  5.0
Spellcasting   | 3 4 |  4.8
Maces & Flails | 1 |  1.7
Conjurations   | 2 3 |  3.5
Dodging        | 2 |  2.1
Fighting       | |  0.5
Stealth        | |  2.1

Action                   |  1- 3 |  4- 6 |  7- 9 || total
-------------------------+-------+-------+-------++-------
Melee: Club              |     1 |       |       ||     1
       Mace              |     3 |    15 |       ||    18
       Flail             |       |       |     6 ||     6
 Cast: Foxfire           |    40 |    74 |    64 ||   178
       Conjure Flame     |       |     1 |       ||     1
       Sticky Flame      |       |       |     1 ||     1
  Use: Scroll            |     1 |     1 |       ||     2
       Potion            |       |       |     3 ||     3
Armor: Robe              |     1 |     9 |     8 ||    18
Dodge: Dodged            |     4 |    23 |    11 ||    38
